 Dungeon Crawl Stone Soup version 0.32-a0-630-g46d191b0ed (webtiles) character file.

Game seed: 17573338954878812239

37575 jasper the Destroyer (level 13, -16/126 HPs)
             Began as a Tengu Air Elementalist on Mar 6, 2024.
             Was an Elder of Sif Muna.
             Demolished by Rupert
             ... wielding a +2 vampiric battleaxe
              (27 damage)
             ... on level 2 of the Orcish Mines.
             The game lasted 00:36:38 (24241 turns).

jasper the Destroyer (Tengu Air Elementalist)      Turns: 24241, Time: 00:36:39

Health: -16/126    AC: 30    Str:  8    XL:     13   Next: 97%
Magic:  18/21      EV:  2    Int: 19    God:    Sif Muna [****..]
Gold:   1319       SH: 11    Dex: 23    Spells: 5/18 levels left

rFire   . . .        m - +10 whip of Ambiguity {freeze, rN+++}
rCold   . . .        J - +0 buckler
rNeg    + + +        O - melded +0 steam dragon scales
rPois   +            (helmet currently unavailable)
rElec   .            n - melded +2 cloak
rCorr   .            U - melded +2 pair of gloves
SInv    .            (boots unavailable)
Will    .....        D - amulet of reflection
Stlth   ++           N - +4 ring of protection
HPRegen 0.41/turn    u - +6 ring of dexterity
MPRegen 0.17/turn

%: reflection, acrobat
@: unswift, tree-form, very slow
A: stationary, stasis, torment immunity, boosted hp, (beak), (talons 3), evasive
flight, acrobatic
a: Renounce Religion, Channel Magic, Forget Spell, Divine Exegesis


You were on level 2 of the Orcish Mines.
You worshipped Sif Muna.
Sif Muna was greatly pleased with you.
You were a tree.
You visited 3 branches of the dungeon, and saw 18 of its levels.
You also visited: Ice Cave.

You collected 1319 gold pieces.

Inventory:

Hand Weapons
 m - the +10 whip of Ambiguity (weapon) {freeze, rN+++}
   (You found it on level 2 of the Dungeon)

   rN+++:     It renders you almost immune to negative energy.
 P - the +9 trident of Demonkind {freeze, SInv}
   (You found it on level 10 of the Dungeon)

   SInv:      It lets you see invisible.
Missiles
 c - 33 poisoned darts
 o - 25 boomerangs
 M - 5 throwing nets
Armour
 a - a +0 robe
 e - an orb of light
 n - a +2 cloak (melded)
 F - +1 acid dragon scales
 J - a +0 buckler (worn)
 O - +0 steam dragon scales (melded)
 U - a +2 pair of gloves (melded)
Jewellery
 f - a ring of see invisible
 p - a +5 ring of evasion
 q - a ring of protection from fire
 u - a +6 ring of dexterity (right branch)
 D - an amulet of reflection (around neck)
 N - a +4 ring of protection (left branch)
 Q - a ring of protection from cold
 W - a ring of positive energy
 Z - a +6 ring of strength
Wands
 h - a wand of flame (36)
 l - a wand of polymorph (2)
 s - a wand of quicksilver (21)
 B - a wand of mindburst (20)
 E - a wand of warping (20)
 S - a wand of paralysis (5)
 X - a wand of digging (2)
Scrolls
 d - 4 scrolls of amnesia
 r - a scroll of noise
 y - 11 scrolls of identify
 z - 3 scrolls of teleportation
 G - a scroll of poison
 L - a scroll of vulnerability
 T - 3 scrolls of immolation
 V - a scroll of torment
Potions
 b - a potion of magic
 g - a potion of lignification
 k - 4 potions of brilliance
 t - a potion of invisibility
 v - 2 potions of resistance
 w - 2 potions of berserk rage
 A - 4 potions of might
 C - a potion of haste
 H - a potion of mutation
 I - a potion of ambrosia
 Y - a potion of attraction {unknown}
Miscellaneous
 K - a condenser vane (inert)


   Skills:
 - Level 11.0 Fighting
 + Level 6.1 Maces & Flails
 - Level 10.6 Dodging
 - Level 2.0 Stealth
 - Level 5.0 Shields
 - Level 3.0 Spellcasting
 - Level 13.0 Conjurations
 - Level 8.0 Air Magic
 - Level 4.0 Earth Magic
 - Level 10.0 Invocations
 - Level 5.0 Evocations


You had 5 spell levels left.
You knew the following spells:

 Your Spells              Type           Power      Damage    Failure   Level
a - Shock                 Conj/Air       100%       1d9       1%          1
b - Static Discharge      Conj/Air       84%        3-7/arc   1%          2
c - Swiftness             Air            33%        N/A       2%          3
d - Airstrike             Air            16%        2d(3-19)  9%          4
e - Stone Arrow           Conj/Erth      70%        3d11      1%          3

Your spell library contained the following spells:

 Spells                   Type           Power      Damage    Failure   Level
 Kiss of Death            Conj/Necr      100%       2d13      1%          1
 Magic Dart               Conj           100%       1d8       1%          1
 Apportation              Tloc           4%         N/A       22%         1
 Necrotise                Necr           8%         1d4       22%         1
 Summon Small Mammal      Summ           8%         N/A       22%         1
 Blink                    Tloc           4%         N/A       32%         2
 Call Imp                 Summ           4%         N/A       32%         2
 Jinxbite                 Hex            4%         N/A       32%         2
 Lesser Beckoning         Tloc           4%         N/A       32%         2
 Call Canine Familiar     Summ           2%         N/A       54%         3
 Confusing Touch          Hex            2%         N/A       54%         3
 Gell's Gravitas          Tloc           2%         N/A       54%         3
 Teleport Other           Tloc           2%         N/A       54%         3
 Vampiric Draining        Necr           2%         2d6       54%         3
 Dispel Undead            Necr           2%         3d7       91%         4
 Martyr's Knell           Necr/Summ      2%         N/A       91%         4
 Summon Blazeheart Golem  Fire/Summ      2%         N/A       91%         4
 Alistair's Intoxication  Alch           1%         N/A       99%         5
 Curse of Agony           Necr           2%         N/A       99%         5
 Spellforged Servitor     Conj/Summ      13%        N/A       100%        7


Dungeon Overview and Level Annotations

Branches:
Dungeon (12/15)            Temple (0/1) D:5            Lair (4/5) D:9
 Shoals (0/4) Lair:3          Orc (2/2) D:11          IceCv (visited)
  Snake: Lair:2-3    Spider: Lair:2-3     Slime: Lair:4-5       Elf: Orc:2

Altars:
Gozag
Nemelex Xobeh
Sif Muna
Zin

Shops:
D:2 [

Annotations:
D:3 1 runed translucent door, justen's ghost, amateur MiFi
Lair:2 Urug
Orc:2 Rupert


Innate Abilities, Weirdness & Mutations

You are a tree.
Your roots penetrate the ground, keeping you stationary.
You cannot be teleported.
You are immune to unholy pain and torment.
Your maximum health is greatly increased.
Your equipment is partially melded.
((You have a beak for a mouth.))
((You have claws for feet.))
Your magical flight helps you evade attacks. (EV +4)
You can magically evade attacks while moving or waiting.


Message History

Rupert hits you with a +2 vampiric battleaxe!
Rupert hits you with a +2 vampiric battleaxe!!
You take 39 damage, and have 31/84 hp.
MASSIVE DAMAGE!!
Casting: Stone Arrow (safe; 1% risk of failure)
Confirm with . or Enter, or press ? or * to list all spells.
Aiming: Stone Arrow (safe; 1% risk of failure)
Press: ? - help, Shift-Dir - straight line, f/p - Rupert
Aim: Rupert, wielding a +2 vampiric battleaxe and wearing a +0 chain mail (severely wounded, berserk, 81% to hit)
The stone arrow hits Rupert!!
Rupert is severely wounded.
You feel sluggish.
Rupert hits you with a +2 vampiric battleaxe!!
* * * LOW HITPOINT WARNING * * *
The ogre completely misses you.
You take 28 damage, and have 3/84 hp.
MASSIVE DAMAGE!!
As you read the scroll of fear, it crumbles to dust.
You assume a fearsome visage.
The ogre looks frightened!
Rupert is unaffected.
You block Rupert's attack. x2
Okay, then.
Okay, then.
You feel much better.
You feel less invigorated.
Rupert hits you with a +2 vampiric battleaxe!!
* * * LOW HITPOINT WARNING * * *
You regained 4 hp, and now have 7/84 hp.
You turn into a tree.
Your +2 cloak melds into your body.
Your +2 pair of gloves melds into your body.
Your +0 steam dragon scales melds into your body.
Your roots penetrate the ground.
Rupert hits you but does no damage. Rupert completely misses you.
You now have 11/126 hp.
Casting: Stone Arrow (safe; 1% risk of failure)
Confirm with . or Enter, or press ? or * to list all spells.
Aiming: Stone Arrow (safe; 1% risk of failure)
Press: ? - help, Shift-Dir - straight line, f/p - Rupert
Aim: Rupert, wielding a +2 vampiric battleaxe and wearing a +0 chain mail (severely wounded, berserk, 81% to hit)
The stone arrow hits Rupert!
Rupert is almost dead.
Rupert hits you with a +2 vampiric battleaxe!!
You die...
Rupert roars with triumph.

####...#####..## #..# #
####..............##..# ##
##.....................# .##
#..............§........#
..##......##.........§.....#..)
........###........O..#.).)))))
......###...........)..##......
....###.................###....
)..###..........♣@.......## ...
...##........#)..#........## .
##..........##)..##........#
...).....####.....####.......#
##.......###...)...###........
#.........#.........###.......
...)......#....<....# .......
........###.......).# #......
.........###...))..## ......


You could see Rupert (berserk) and an ogre (fleeing).

Vanquished Creatures
  Harold (D:10)
  Erolcha (D:9)
  A hydra (Lair:4)
  A centaur warrior (D:10)
  2 boulder beetles
  5 two-headed ogres
  An orc high priest (D:11)
  Nergalle (Lair:2)
  A skyshark (Lair:2)
  An orc sorcerer (Orc:1)
  2 wolf spiders (Lair:3)
  An ugly thing (D:11)
  3 cyclopes
  6 elephants (Lair:1)
  A manticore (D:12)
  3 kobold blastminers (Orc:2)
  2 cane toads (Lair:2)
  A kobold demonologist (D:9)
  4 rime drakes
  An unseen horror (D:12)
  7 komodo dragons
  4 trolls
  3 merfolk (Lair:3)
  14 blink frogs
  Sigmund (D:2)
  3 shadows
  3 wraiths (D:10)
  24 yaks
  4 wyverns
  2 steam dragons
  A warg (Orc:1)
  Edmund (D:5)
  2 acid dragons (D:9)
  12 water moccasins
  8 orc warriors
  4 black bears
  An ice beast (D:4)
  3 ogres
  3 sky beasts
  30 wolves
  4 centaurs
  2 kobold brigands
  A gnoll sergeant (D:10)
  10 bullfrogs
  5 scorpions
  9 wights
  12 killer bees
  2 howler monkeys (D:7)
  5 hounds
  A bombardier beetle (D:3)
  9 orc priests
  Crazy Yiuf (D:2)
  2 gnoll boudas (D:7)
  2 sleepcaps (D:6)
  Jessica (D:2)
  5 iguanas
  15 orc wizards
  Ijyb (D:4)
  A polar bear simulacrum (IceCv)
  A wolf simulacrum (IceCv)
  12 gnolls
  4 adders
  3 river rats (D:5)
  2 white imps (D:7)
  2 dart slugs
  94 orcs
  7 ball pythons
  5 endoplasms
  9 giant cockroaches
  7 goblins
  10 hobgoblins
  8 jackals
  A quokka (D:2)
  A bat (D:1)
  3 frilled lizards
  17 kobolds
  7 rats
450 creatures vanquished.

Vanquished Creatures (others)
  A steam dragon (D:8)
  An orc (D:7)
2 creatures vanquished.

Grand Total: 452 creatures vanquished

Notes
Turn   | Place    | Note
-------+----------+-------------------------------------------
     0 | D:1      | jasper the Tengu Air Elementalist began the quest for the
                  | Orb.
     0 | D:1      | Reached XP level 1. HP: 10/10 MP: 4/4
    94 | D:1      | Reached skill level 1 in Fighting
   268 | D:1      | Reached XP level 2. HP: 14/16 MP: 3/6
   417 | D:1      | Learned a level 2 spell: Static Discharge
  1195 | D:2      | Noticed Jessica
  1198 | D:2      | Reached XP level 3. HP: 22/22 MP: 3/7
  1209 | D:2      | Killed Jessica
  1214 | D:2      | Learned a level 3 spell: Swiftness
  1340 | D:2      | Noticed Sigmund
  1370 | D:2      | Killed Sigmund
  1371 | D:2      | Reached XP level 4. HP: 17/29 MP: 0/8
  1371 | D:2      | Reached XP level 5. HP: 19/33 MP: 0/9
  1516 | D:2      | Reached XP level 6. HP: 38/38 MP: 4/10
  1719 | D:2      | Found a shimmering blue altar of Sif Muna.
  1734 | D:2      | Became a worshipper of Sif Muna the Loreminder
  2069 | D:2      | Identified the +10 whip of Ambiguity {freeze, rN+++}
  2081 | D:2      | Found Fushrug's Armour Shop.
  2423 | D:2      | Found a runed translucent door.
  2424 | D:2      | Noticed Crazy Yiuf
  2431 | D:2      | Killed Crazy Yiuf
  2499 | D:3      | Found a runed translucent door.
  2502 | D:3      | Noticed justen's ghost (amateur MiFi)
  2808 | D:3      | Reached skill level 5 in Fighting
  3481 | D:4      | Noticed Ijyb
  3486 | D:4      | Gained mutation: Your magical flight helps you evade
                  | attacks. (EV +4) [Tengu growth]
  3486 | D:4      | Reached XP level 7. HP: 42/45 MP: 6/11
  3497 | D:4      | Killed Ijyb
  3524 | D:4      | Reached * piety under Sif Muna
  3766 | D:4      | Learned a level 4 spell: Airstrike
  3858 | D:4      | Reached skill level 1 in Invocations
  3858 | D:4      | Reached skill level 1 in Evocations
  4281 | D:5      | Entered Level 5 of the Dungeon
  4394 | D:5      | Got the Discursus on Amassed Destruction
  4415 | D:5      | Noticed Edmund
  4528 | D:5      | Killed Edmund
  4529 | D:5      | Reached XP level 8. HP: 45/51 MP: 3/12
  4638 | D:5      | Found a staircase to the Ecumenical Temple.
  5684 | D:6      | Reached skill level 5 in Evocations
  5991 | D:6      | Got Casting for Rookies
  6169 | D:6      | Found a sparkling altar of Nemelex Xobeh.
  6189 | D:6      | Reached skill level 5 in Invocations
  6404 | D:7      | Identified the +5 hand axe of Impej {spect, rPois}
  6413 | D:7      | Reached XP level 9. HP: 30/55 MP: 14/14
  6595 | D:7      | Reached ** piety under Sif Muna
  6596 | D:7      | HP: 2/82 [yak (8)]
  7329 | D:7      | Learned a level 3 spell: Stone Arrow
  7449 | D:7      | Reached skill level 2 in Conjurations
  7790 | D:7      | Reached skill level 1 in Earth Magic
  8291 | D:8      | Reached skill level 3 in Conjurations
  8447 | D:8      | Reached skill level 4 in Conjurations
  8560 | D:8      | Reached XP level 10. HP: 32/60 MP: 17/17
  8564 | D:8      | Reached skill level 5 in Conjurations
  8734 | D:8      | Reached *** piety under Sif Muna
  9256 | D:8      | Reached skill level 6 in Conjurations
 10096 | D:9      | Noticed Erolcha
 10105 | D:9      | Killed Erolcha
 10106 | D:9      | Reached skill level 8 in Conjurations
 10863 | D:9      | Noticed a kobold demonologist
 10868 | D:9      | Killed a kobold demonologist
 11256 | D:9      | Found a staircase to the Lair.
 11274 | D:9      | Reached XP level 11. HP: 66/66 MP: 13/18
 11437 | D:9      | Noticed a cyclops
 11443 | D:9      | Killed a cyclops
 11616 | D:10     | Entered Level 10 of the Dungeon
 11743 | D:10     | Noticed a cyclops
 11752 | D:10     | Killed a cyclops
 11753 | D:10     | Noticed a boulder beetle
 11757 | D:10     | Reached skill level 5 in Dodging
 12142 | D:10     | Found a glowing silver altar of Zin.
 12315 | D:10     | Noticed a centaur warrior
 12330 | D:10     | Killed a centaur warrior
 12331 | D:10     | Reached skill level 1 in Shields
 12650 | D:10     | Noticed Harold
 12670 | D:10     | Killed Harold
 13308 | D:10     | Identified the +9 trident of Demonkind {freeze, SInv}
 13338 | D:10     | Killed a boulder beetle
 14560 | D:11     | Found a staircase to the Orcish Mines.
 14578 | D:11     | Reached **** piety under Sif Muna
 14579 | D:11     | Reached XP level 12. HP: 75/75 MP: 12/20
 14842 | D:11     | Noticed a two-headed ogre
 14849 | D:11     | Killed a two-headed ogre
 15115 | D:11     | Reached skill level 5 in Shields
 15381 | D:11     | Found an opulent altar of Gozag.
 16257 | Lair:1   | Entered Level 1 of the Lair of Beasts
 16459 | Lair:1   | You are sucked into a shaft and drop 1 floor!
 16459 | Lair:2   | Noticed Nergalle
 16474 | Lair:2   | Killed Nergalle
 16641 | Lair:2   | Found a frozen archway.
 16648 | Lair:2   | Reached skill level 10 in Invocations
 16705 | IceCv    | Entered an ice cave
 17370 | Lair:1   | Reached skill level 9 in Conjurations
 17853 | Lair:1   | Reached skill level 10 in Conjurations
 18291 | Lair:2   | Noticed a skyshark
 18480 | Lair:2   | Killed a skyshark
 18499 | Lair:2   | Reached skill level 10 in Fighting
 18655 | Lair:2   | Noticed Urug
 18792 | Lair:3   | Reached XP level 13. HP: 82/82 MP: 16/21
 18864 | Lair:3   | Reached skill level 11 in Conjurations
 19434 | Lair:3   | Reached skill level 12 in Conjurations
 20392 | Lair:3   | Found a staircase to the Shoals.
 21716 | Lair:4   | Reached skill level 13 in Conjurations
 21811 | Lair:4   | Reached skill level 10 in Dodging
 21812 | Lair:4   | Reached skill level 1 in Maces & Flails
 22615 | Orc:1    | Entered Level 1 of the Orcish Mines
 23261 | Orc:2    | Entered Level 2 of the Orcish Mines
 23629 | Orc:2    | Reached skill level 5 in Maces & Flails
 24213 | Orc:2    | Noticed Rupert
 24237 | Orc:2    | HP: 3/84 [Rupert/+2 vampiric battleaxe (28)]
 24241 | Orc:2    | Demolished by Rupert

Illustrated notes

Levels and vault maps discovered:
D:1:      dpeg_arrival_radiant, layout_loops_cross
D:2:      layout_loops_cross, basic_altar, serial_shops,
          nicolae_shop_pleasant_corner_grove, kennysheep_minor_cross,
          minmay_pentomino_t4, uniq_sigmund, uniq_jessica,
          uniq_crazy_yiuf_cottage
D:3:      layout_rooms, ebering_ghost_inner_flame, serial_park_tiny_2,
          minmay_close_crescents
D:4:      layout_basic, palyth_stone_intersect, uniq_ijyb
D:5:      layout_cave_pools, minmay_temple_entry_slanted, portal_sewer_entry_b,
          uniq_edmund
D:6:      layout_loops_cross, nemelex_dance_club_becter
D:7:      cheibrodos_fzero, layout_basic, lemuel_flame_loot_1
D:8:      layout_loops_cross
D:9:      layout_loops_ring, david_lair_shrubbed,
          chequers_serial_rivers_micro_b, reono_crystal_passage,
          kennysheep_small_spiral, uniq_erolcha
D:10:     minmay_inner_zag, layout_cave_pods, minmay_misc_feat_room,
          minmay_ruined_shrine, uniq_harold
D:11:     layout_irregular_city, hiddenorc2_lemuel, grunt_gozag_breadcrumbs
D:12:     layout_rooms, special_room [special_room_bee], uniq_lodul
Lair:1:   layout_long_grid
Lair:2:   layout_loops_ring, dummy_snake_entry, portal_ice_cave_rime, uniq_urug,
          uniq_nergalle
Lair:3:   layout_regular_city, mainiacjoe_shoals_entry_four_pools,
          nicolae_lair_run_with_the_wolves
Lair:4:   layout_long_grid
Orc:1:    layout_caves
Orc:2:    pubby_orc_utopia, uniq_rupert

Skill      XL: |  1  2  3  4  5  6  7  8  9 10 11 12 13 |
---------------+----------------------------------------+-----
Fighting       | 1 2 4 5 6 8 10 11 | 11.0
Air Magic      | 6 8 |  8.0
Invocations    | 3 6 8 9 10 | 10.0
Evocations     | 3 5 |  5.0
Spellcasting   | 3 |  3.0
Conjurations   | 4 8 10 13 | 13.0
Earth Magic    | 2 4 |  4.0
Dodging        | 4 6 8 10 | 10.6
Shields        | 4 5 |  5.0
Maces & Flails | 6 |  6.1
Stealth        | |  2.0

Action                     |  1- 3 |  4- 6 |  7- 9 | 10-12 | 13-15 || total
---------------------------+-------+-------+-------+-------+-------++-------
  Melee: Kick              |     1 |     8 |    17 |    36 |    17 ||    79
         Peck              |     1 |     4 |     5 |    21 |    15 ||    46
         Unarmed           |     1 |       |       |       |       ||     1
         Whip              |     1 |    13 |    61 |    91 |    58 ||   224
         Trident           |       |     6 |       |       |       ||     6
   Cast: Shock             |    49 |    67 |   175 |   181 |   109 ||   581
         Static Discharge  |     5 |     8 |    64 |    65 |    58 ||   200
         Airstrike         |       |       |     6 |   112 |    82 ||   200
         Stone Arrow       |       |       |     3 |   102 |    30 ||   135
         Swiftness         |       |       |       |       |     1 ||     1
 Invoke: Channel Magic     |       |       |     1 |    13 |     8 ||    22
  Evoke: Wand              |       |       |    11 |       |       ||    11
         Condenser vane    |       |       |       |     1 |     1 ||     2
    Use: Potion            |     1 |       |     3 |       |     2 ||     6
         Scroll            |       |       |    15 |     8 |     2 ||    25
   Stab: Sleeping          |       |       |     1 |       |       ||     1
         Invisible         |       |       |     1 |       |       ||     1
 Armour: Robe              |     8 |    16 |   111 |    44 |       ||   179
         Skin              |       |       |     8 |       |     2 ||    10
         Steam dragon scal |       |       |       |   145 |   175 ||   320
  Dodge: Dodged            |     5 |    12 |   134 |   253 |   258 ||   662
  Block: Other             |       |       |       |    15 |       ||    15
         Reflection        |       |       |       |     7 |     4 ||    11
         Buckler           |       |       |       |   129 |   133 ||   262

Table legend: (Time is in decaauts)
 A = Elapsed time spent in this place.
 B = Non-inter-level travel time spent in this place.
 C = Inter-level travel time spent in this place.
 D = Time resting spent in this place.
 E = Time spent auto-exploring this place.
 F = Levels seen in this place.
 G = Mean time per level.
                   A        B        C        D        E       F      G
               +--------+--------+--------+--------+--------+-----+--------+
         Total |  24271 |  23302 |    969 |   2018 |  18601 |  19 | 1277.4 |
       Dungeon |  16583 |  15755 |    828 |   1128 |  12887 |  12 | 1381.9 |
          Lair |   6174 |   6048 |    126 |    387 |   4956 |   4 | 1543.5 |
  Orcish Mines |   1505 |   1490 |     15 |    503 |    758 |   2 |  752.5 |
      Ice Cave |      7 |      7 |      0 |      0 |      0 |   1 |    7.0 |
               +--------+--------+--------+--------+--------+-----+--------+

Top non-repeatable levels by time:
    D:10: 2411 daAuts
  Lair:3: 2333 daAuts
    D:11: 2292 daAuts
     D:7: 2009 daAuts
     D:9: 1953 daAuts
  Lair:4: 1480 daAuts
     D:8: 1457 daAuts
     D:2: 1408 daAuts
  Lair:1: 1406 daAuts
     D:4: 1249 daAuts
     D:1: 1086 daAuts
     D:6: 1013 daAuts
  Lair:2: 954 daAuts
     D:5: 868 daAuts
   Orc:2: 864 daAuts
